 Dungeon Crawl Stone Soup version 0.25-a0-632-g7713895 (webtiles) character file.

Game seed: 7241150373554772818, levelgen mode: deterministic

6559 BlueFish the Covert (level 11, -6/68 HPs)
             Began as an Octopode Assassin on Mar 19, 2020.
             Was a Believer of Dithmenos.
             Mangled by a two-headed ogre
             ... wielding a +0 giant spiked club
              (13 damage)
             ... on level 8 of the Dungeon.
             The game lasted 00:36:21 (10691 turns).

BlueFish the Covert (Octopode Assassin)            Turns: 10691, Time: 00:36:21

Health: -6/68      AC:  1    Str: 11    XL:     11   Next: 1%
Magic:  14/14      EV: 21    Int: 16    God:    Dithmenos [**....]
Gold:   461        SH:  0    Dex: 20    Spells: 10/10 levels left

rFire    . . .     SeeInvis +   a - +3 dagger
rCold    . . .     Gourm    +   (no shield)
rNeg     . . .     Faith    .   (helmet restricted)
rPois    +         Spirit   .   r - amulet of the gourmand
rElec    .         Reflect  .   h - ring of see invisible
rCorr    .         Harm     .   i - ring of flight
MR       .....                  m - +3 ring of dexterity
Stlth    +++++++++.             u - ring of poison resistance
HPRegen  0.21/turn              g - +3 ring of evasion
MPRegen  0.14/turn              A - +3 ring of intelligence
                                (no ring)
                                (no ring)

@: wreathed by umbra
A: almost no armour, stealthy swim, amphibious, 8 rings, constrict 8, camouflage
1, gelatinous body 1
a: Shadow Step, Renounce Religion, Evoke Flight


You were on level 8 of the Dungeon.
You worshipped Dithmenos.
Dithmenos was pleased with you.
You were very full.

You visited 2 branches of the dungeon, and saw 10 of its levels.

You collected 461 gold pieces.

Inventory:

Hand Weapons
 a - a +3 dagger (weapon)
 w - a +0 flail of protection
Missiles
 b - 12 poisoned darts (quivered)
 p - a boomerang
 x - 5 javelins
Jewellery
 g - a +3 ring of evasion (on tentacle)
 h - a ring of see invisible (left tentacle)
 i - a ring of flight (right tentacle)
 m - a +3 ring of dexterity (on tentacle)
 r - an amulet of the gourmand (around mantle)
 u - a ring of poison resistance (on tentacle)
 A - a +3 ring of intelligence (on tentacle)
Wands
 t - a wand of disintegration (15)
 F - a wand of iceblast (7)
Scrolls
 c - a scroll of magic mapping
 f - a scroll of amnesia
 j - 3 scrolls of enchant armour
 v - 3 scrolls of remove curse
 D - a scroll of enchant weapon
Potions
 e - 3 potions of mutation
 k - 2 potions of might
 o - 2 potions of flight
 q - 5 potions of curing
Comestibles
 d - 16 rations


   Skills:
 + Level 3.6 Fighting
 * Level 6.8 Short Blades
 * Level 7.6 Throwing
 * Level 6.3 Dodging
 * Level 14.4 Stealth
 * Level 4.8 Invocations


You had 10 spell levels left.
You didn't know any spells.
Your spell library contained the following spells:

 Spells                   Type           Power        Failure   Level  Hunger
 Corona                   Hex            #......      26%         1    ##.....
 Ensorcelled Hibernation  Hex/Ice        #.....       36%         2    ###....
 Confusing Touch          Hex            #.......     58%         3    ####...
 Dazzling Flash           Conj/Hex       #.....       58%         3    ####...
 Tukima's Dance           Hex            #.......     58%         3    ####...


Dungeon Overview and Level Annotations

Branches:
Dungeon (9/15)             Temple (1/1) D:4            Lair (0/6) D:9
    Orc: D:9-12

Altars:
Ashenzari
Cheibriados
Dithmenos
Elyvilon
Fedhas
Gozag
Hepliaklqana
Kikubaaqudgha
Makhleb
Nemelex Xobeh
Okawaru
Qazlal
Ru
Sif Muna
Trog
Uskayaw
Vehumet
Wu Jian
Xom
Yredelemnul
Zin
The Shining One

Annotations:
D:8 2 transporters
D:9 Grum


Innate Abilities, Weirdness & Mutations

You cannot wear most types of armour.
You are very stealthy in the water. (Stealth+)
You are amphibious.
You can wear up to eight rings at the same time.
You can use your tentacles to constrict eight enemies at once.
Your skin changes colour to match your surroundings (Stealth+).
Your rubbery body absorbs attacks. (AC +1, EV +1)


Message History

You closely miss the two-headed ogre. You squeeze the two-headed ogre.
The two-headed ogre is heavily wounded.
The two-headed ogre misses you. The two-headed ogre barely misses you.
You hit the two-headed ogre but do no damage.
You squeeze the two-headed ogre!
The two-headed ogre is severely wounded.
You hit the two-headed ogre.
The two-headed ogre is severely wounded.
The two-headed ogre closely misses you.
The two-headed ogre hits you with a +0 giant spiked club!!
* * * LOW HITPOINT WARNING * * *
Okay, then.
Okay, then.
You hit the two-headed ogre.
The two-headed ogre is severely wounded.
You hit the two-headed ogre but do no damage.
The two-headed ogre is severely wounded.
The two-headed ogre completely misses you.
The two-headed ogre hits you with a +0 giant spiked club!
You die...

##............#...#.....#....###
##..............................#
#......###.###.......#...........
........#.......##...............
...............###...............
.........................)......#
.....>........#................##
#...................#.......####.
#.....##.#.....O@...........###..
#...#.####.......................
....#(#.......................#..
.............................##..
####.#.....................###...
..####....................####...
...##(...........[........# #....
.......#..................###(.(.
...(...#..................##(....


You could see a two-headed ogre.

Vanquished Creatures
  Harold (D:9)
  A two-headed ogre (D:8)
  Pikel (D:4)
  A troll (D:7)
  A hippogriff (D:9)
  Sigmund (D:2)
  2 wyverns (D:9)
  A yak (D:7)
  A human (D:8)
  2 hungry ghosts (D:8)
  A sky beast (D:7)
  An orc warrior (D:7)
  2 ice beasts
  3 ogres
  2 phantoms
  3 wolves
  2 centaurs
  A big kobold (D:7)
  5 bullfrogs (D:7)
  3 gnoll sergeants (D:7)
  A wyvern skeleton (D:7)
  4 scorpions
  2 wights (D:7)
  6 killer bees (D:8)
  3 crimson imps
  2 hounds
  A quasit (D:7)
  3 jellies (D:7)
  A bullfrog skeleton (D:5)
  6 orc priests
  A gnoll shaman (D:4)
  An iguana (D:7)
  5 worker ants
  5 orc wizards
  2 hound zombies
  A worker ant zombie (D:6)
  4 gnolls (D:4)
  7 adders
  2 shadow imps
  An ooze (D:7)
  An adder skeleton (D:6)
  5 worms
  5 leopard geckos
  15 orcs
  2 ball pythons
  9 bats
  5 giant cockroaches
  2 goblins (D:2)
  9 hobgoblins
  4 jackals
  6 kobolds
  4 quokkas
  2 frilled lizards
  2 jackal skeletons
  12 rats
176 creatures vanquished.

Vanquished Creatures (others)
  A wizard (D:3)
  An ice beast (D:4)
  A gnoll (D:4)
3 creatures vanquished.

Grand Total: 179 creatures vanquished

Notes
Turn   | Place    | Note
-------+----------+-------------------------------------------
     0 | D:1      | BlueFish the Octopode Assassin began the quest for the Orb.
     0 | D:1      | Reached XP level 1. HP: 14/14 MP: 1/1
   186 | D:1      | Reached XP level 2. HP: 18/19 MP: 2/2
   450 | D:1      | Reached skill level 6 in Stealth
   871 | D:1      | Reached XP level 3. HP: 24/24 MP: 3/3
  1151 | D:2      | Noticed Sigmund
  1180 | D:2      | Killed Sigmund
  1180 | D:2      | Reached skill level 8 in Stealth
  1180 | D:2      | Reached XP level 4. HP: 17/29 MP: 4/4
  1180 | D:2      | Reached XP level 5. HP: 20/34 MP: 5/5
  1507 | D:2      | Found a faded altar of an unknown god.
  2226 | D:3      | Reached XP level 6. HP: 39/39 MP: 6/6
  2341 | D:3      | Found a bloodstained altar of Trog.
  2342 | D:3      | Noticed a wizard
  2347 | D:3      | Killed a wizard
  2544 | D:4      | Noticed a slave
  2544 | D:4      | Noticed Pikel
  2545 | D:4      | Noticed a slave
  2673 | D:4      | Found a blossoming altar of Fedhas.
  2676 | D:4      | Noticed a slave
  2702 | D:4      | Killed Pikel
  2702 | D:4      | Reached skill level 10 in Stealth
  2702 | D:4      | Reached XP level 7. HP: 45/45 MP: 7/7
  3152 | D:4      | Found a sparkling altar of Nemelex Xobeh.
  3374 | D:4      | Found a staircase to the Ecumenical Temple.
  3385 | Temple   | Entered the Ecumenical Temple
  3465 | Temple   | Became a worshipper of Dithmenos the Shadowed
  3760 | D:5      | Entered Level 5 of the Dungeon
  3931 | D:5      | Found an ornate altar of the Wu Jian Council.
  4387 | D:5      | Reached XP level 8. HP: 38/50 MP: 8/8
  4458 | D:5      | Found a shattered altar of Ashenzari.
  4460 | D:5      | Found a stormy altar of Qazlal.
  4708 | D:5      | Found a stormy altar of Qazlal.
  4708 | D:5      | Found a radiant altar of Vehumet.
  4709 | D:5      | Found a shimmering blue altar of Sif Muna.
  4892 | D:5      | Reached skill level 1 in Invocations
  5043 | D:6      | Reached skill level 5 in Throwing
  5044 | D:6      | Found an iron altar of Okawaru.
  5560 | D:6      | Reached skill level 11 in Stealth
  5580 | D:6      | Found a glowing golden altar of the Shining One.
  5713 | D:6      | Reached * piety under Dithmenos
  6324 | D:7      | Got a transparent flail
  6339 | D:7      | Reached XP level 9. HP: 55/55 MP: 10/10
  6552 | D:7      | Reached skill level 12 in Stealth
  6678 | D:7      | Reached skill level 5 in Short Blades
  6749 | D:7      | Found an opulent altar of Gozag.
  7463 | D:7      | Noticed a six-headed hydra
  7472 | D:7      | Noticed a troll
  7893 | D:7      | Reached skill level 13 in Stealth
  8191 | D:8      | Noticed a two-headed ogre
  8791 | D:7      | Killed a troll
  9043 | D:8      | Reached XP level 10. HP: 61/63 MP: 12/12
  9164 | D:8      | Reached ** piety under Dithmenos
  9444 | D:8      | Found a transporter.
  9478 | D:8      | Reached skill level 5 in Dodging
  9557 | D:8      | Killed a two-headed ogre
  9694 | D:9      | Noticed a death yak
  9694 | D:9      | Noticed a death yak
  9694 | D:9      | Noticed Harold
  9781 | D:9      | Noticed a two-headed ogre
 10064 | D:9      | Found a staircase to the Lair.
 10064 | D:9      | Noticed a death yak
 10066 | D:9      | Noticed a death yak
 10078 | D:9      | Killed Harold
 10078 | D:9      | Reached skill level 14 in Stealth
 10099 | D:9      | Noticed a death yak
 10154 | D:9      | Noticed Grum
 10177 | D:8      | Reached XP level 11. HP: 63/68 MP: 14/14
 10610 | D:8      | Found a transporter.
 10691 | D:8      | Mangled by a two-headed ogre

Levels and vault maps discovered:
D:1:      psy_arrival_heroes, layout_loops_ring, st_stairs_9, minmay_ruptured
D:2:      layout_basic, chequers_ecumenical_altar_lobes, uniq_sigmund
D:3:      layout_rooms, trog_wizard
D:4:      layout_basic, nemelex_altar_shiori, fedhas_ov_isle_minmay,
          minmay_temple_entry_glassed_door, uniq_pikel
D:5:      layout_basic, overflow_temple_1_default, lemuel_doored_altar,
          gammafunk_temple_overflow_claw, first_ration, basic_altar,
          minmay_misc_feat_nine_boxes, hangedman_abyss_or_decor_stabs
D:6:      layout_rooms, kennysheep_mini, basic_altar
D:7:      minmay_slanted_spiral_squares, layout_basic, grunt_gozag_statues,
          sword_in_stone
D:8:      gammafunk_jiyva_shrine, layout_cave_pools, grunt_pizzeria
D:9:      layout_rooms, dpeg_lair_monsters, uniq_grum, uniq_harold
Temple:   nicolae_temple_figure_eight

Skill      XL: |  1  2  3  4  5  6  7  8  9 10 |
---------------+-------------------------------+-----
Stealth        | 6 8 10 11 13 14 | 14.4
Short Blades   | 3 4 6 |  6.8
Throwing       | 4 5 6 7 |  7.6
Dodging        | 2 3 4 6 |  6.3
Invocations    | 2 3 4 |  4.8
Fighting       | 3 |  3.6

Action                   |  1- 3 |  4- 6 |  7- 9 | 10-12 || total
-------------------------+-------+-------+-------+-------++-------
Melee: Dagger            |    49 |    47 |   299 |   113 ||   508
       Constrict         |    11 |    10 |    38 |     8 ||    67
       Tentacles         |     6 |     7 |    82 |    22 ||   117
Throw: Boomerang         |       |    27 |    17 |     5 ||    49
       Dart              |       |       |    27 |    21 ||    48
  Use: Scroll            |     4 |     7 |    12 |     4 ||    27
       Potion            |       |       |     1 |    12 ||    13
 Stab: Sleeping          |    11 |    18 |    29 |    13 ||    71
       Distracted        |       |       |     3 |     1 ||     4
  Eat: Chunk             |     1 |     4 |    30 |     7 ||    42
Armor: Skin              |     2 |     1 |     2 |    50 ||    55
Dodge: Dodged            |    22 |    15 |   172 |   162 ||   371

Table legend:
 A = Non-vault XP
 B = Vault XP
 C = Vault XP percentage of total XP
 D = Non-vault monster count
 E = Vault monster count
 F = Vault count percentage of total count
                 A         B        C        D         E       F
            +---------+---------+-------+---------+---------+-------
      Total |    5525 |    3846 |  41.0 |     149 |      27 |  15.3
            +---------+---------+-------+---------+---------+-------
        D:1 |      30 |       4 |  11.8 |      19 |       2 |   9.5
        D:2 |      31 |     220 |  87.6 |      17 |       1 |   5.6
        D:3 |      55 |       0 |   0.0 |      20 |       0 |   0.0
        D:4 |     148 |     593 |  80.0 |      10 |       1 |   9.1
        D:5 |     410 |       0 |   0.0 |      19 |       0 |   0.0
        D:6 |     776 |       0 |   0.0 |      20 |       0 |   0.0
        D:7 |     737 |    1488 |  66.9 |      11 |      18 |  62.1
        D:8 |    2137 |     420 |  16.4 |      22 |       3 |  12.0
        D:9 |    1201 |    1121 |  48.3 |      11 |       2 |  15.4
            +---------+---------+-------+---------+---------+-------
